 Dungeon Sprint DCSS version 0.28.0-47-ge53b351184 (webtiles) character file.

Game seed: 2691920868225867769

26209 browni3141 the Warrior (level 13, 0/128 HPs)
             Began as a Formicid Fighter on May 4, 2022.
             Was the Champion of Cheibriados.
             Shot with a bolt by a naga sharpshooter (25 damage)
             ... in the Dungeon (Sprint IX: "|||||||||||||||||||||||||||||").
             The game lasted 00:10:49 (3299 turns).

browni3141 the Warrior (Formicid Fighter)           Turns: 3299, Time: 00:10:49

Health: 0/128      AC: 23    Str: 37    XL:     13   Next: 56%
Magic:  23/23      EV: 19    Int: 25    God:    Cheibriados [******]
Gold:   1930       SH: 10    Dex: 29    Spells: 12/12 levels left

rFire   + + .      SeeInvis +   a - +4 great sword of False Accusations {elec, rF++ Int+2}
rCold   . . .      Faith    .   G - +2 buckler {reflect}
rNeg    . . .      Spirit   .   A - +3 plate armour
rPois   .          Reflect  +   (helmet unavailable)
rElec   .          Harm     .   y - +0 cloak
rCorr   .          Rampage  .   D - +1 pair of gloves
Will    +....                   l - +0 pair of boots
Stlth   ..........              (no amulet)
HPRegen 0.31/turn               e - +2 ring of evasion
MPRegen 0.18/turn               E - +2 ring of evasion

@: lethally poisoned (0 -> -3), constricted, very slow
A: permanent stasis, dig shafts and tunnels, antennae 3, four strong arms,
hooves 1
a: Dig, Renounce Religion, Bend Time, Temporal Distortion, Slouch, Step From
Time


You were in the Dungeon.
You worshipped Cheibriados.
Cheibriados was exalted by your worship.
You visited 1 branch You collected 1930 gold pieces.


Innate Abilities, Weirdness & Mutations

You cannot be hasted, slowed, berserked, paralysed or teleported.
You can dig through walls and to a lower floor.
You have a pair of large antennae on your head. (SInv)
Your four strong arms can wield two-handed weapons with a shield.
You have large cloven feet.


   Skills:
 * Level 20.3 Fighting
 - Level 20.0 Long Blades
 * Level 10.9 Armour
 * Level 10.6 Dodging
 - Level 10.0 Shields
 - Level 14.0 Invocations
 - Level 8.0 Evocations


You had 12 spell levels left.
You didn't know any spells.
Your spell library was empty.

Inventory:

Hand Weapons
 a - the +4 great sword of False Accusations (weapon) {elec, rF++ Int+2}
   (You acquired it in the Dungeon)

   It occasionally discharges a powerful burst of electricity upon striking a
   foe.
   Int:       It affects your intelligence (+2).
   rF:        It greatly protects you from fire.
 b - a +0 triple crossbow
 j - a +2 scimitar of holy wrath
 p - a +4 scimitar of flaming
 x - a +0 long sword
Missiles
 r - 40 arrows {@f2}
Armour
 c - a +0 buckler
 k - a +0 pair of gloves
 l - a +0 pair of boots (worn)
 m - a +1 scale mail
 o - +0 acid dragon scales
 q - a +0 scale mail
 y - a +0 cloak (worn)
 z - a +0 cloak
 A - a +3 plate armour (worn)
 D - a +1 pair of gloves (worn)
 G - a +2 buckler of reflection (worn)
Jewellery
 e - a +2 ring of evasion (left hand)
 C - a ring of protection from cold
 E - a +2 ring of evasion (right hand)
 F - a ring of fire
Scrolls
 h - 2 scrolls of amnesia
 s - 2 scrolls of identify {@r1}
 t - 2 scrolls of enchant weapon
 u - 3 scrolls of fog {@r5}
 v - 5 scrolls of enchant armour
 w - 2 scrolls of fear
Potions
 d - a potion of invisibility
 f - 3 potions of heal wounds {@q2}
 g - 4 potions of magic
 n - 12 potions of curing {@q1}

Dungeon Overview and Level Annotations

Branches:
Dungeon (1/1)

Altars:
Cheibriados
Dithmenos
Elyvilon
Fedhas
Gozag
Hepliaklqana
Kikubaaqudgha
Makhleb
Nemelex Xobeh
Okawaru
Qazlal
Ru
Sif Muna
Trog
Uskayaw
Vehumet
Wu Jian
Xom
Yredelemnul
Zin
The Shining One
Beogh
Jiyva
Lugonu

Shops:
D [:[( {{{{{{{{{{{{{{ { ¦¦¦¦¦¦¦¦¦¦¦¦¦¦¦¦¦¦¦¦¦¦¦¦¦¦¦¦¦¦¦¦¦ ¦...............@NSSN....[')))... ¦.¦¦¦¦¦¦¦¦¦¦¦¦¦¦¦¦¦¦¦¦¦¦¦¦¦¦¦¦¦¦¦ ¦.......†........................ ¦¦¦¦¦¦¦¦¦¦¦¦¦¦¦¦¦¦¦¦¦¦¦¦¦¦¦¦¦¦¦¦¦ ¦.........'.=.=.))).)))).[[..[[[[ ¦.¦¦¦¦¦¦¦¦¦¦¦¦¦¦¦¦¦¦¦¦¦¦¦¦¦¦¦¦¦¦¦ ¦................................ ¦¦¦¦¦¦¦¦¦¦¦¦¦¦¦¦¦¦¦¦¦¦¦¦¦¦¦¦¦¦¦¦¦ ¦.............)))).)))......)))))

You could see a naga sharpshooter, a shock serpent, a mana viper and a naga (catching breath).


Message History

You reflect the bolt off your +2 buckler of reflection!
You see here a jorogumo skeleton.
Things that are here:
a +0 leather armour; a +0 hand axe You block the naga's attack.
The naga sharpshooter casts a spell.
The naga sharpshooter magically shoots a bolt.
You reflect the bolt off your +2 buckler of reflection!
There is an open door to the Spider Nest here.
The naga completely misses you.
You close the door.
A naga breaks down the door.
It's broken and can't be closed.
It's broken and can't be closed.
It's broken and can't be closed.
The naga sharpshooter mumbles some strange words.
The naga sharpshooter magically shoots a bolt.
You reflect the bolt off your +2 buckler of reflection!
The naga spits poison at you.
The splash of poison hits you but does no damage.
You are poisoned.
There is a broken door to the Spider Nest here.
You are too injured to fight recklessly!
You slice the naga!!
The naga is almost dead.
You feel sick. The naga barely misses you. The naga grabs you.
The naga constricts you.
The naga sharpshooter mumbles some strange words.
The naga sharpshooter magically shoots a bolt.
The bolt hits you!!
You die...

Skill      XL: |  1  2  3  4  5  6  7  8  9 10 11 12 13 |
---------------+----------------------------------------+-----
Long Blades    | 8 10 13 15 16 20 | 20.0
Fighting       | 5 7 8 11 12 14 16 20 | 20.3
Armour         | 7 10 | 10.9
Dodging        | 6 10 | 10.6
Shields        | 7 10 | 10.0
Invocations    | 5 14 | 14.0
Evocations     | 8 |  8.0

Action                   |  1- 3 |  4- 6 |  7- 9 | 10-12 | 13-15 || total
-------------------------+-------+-------+-------+-------+-------++-------
Melee: Long sword        |    21 |    12 |       |       |       ||    33
       Scimitar          |       |    10 |    51 |    89 |       ||   150
       Great sword       |       |       |       |   164 |    42 ||   206
 Fire: Shortbow          |       |       |       |     3 |       ||     3
Invok: Slouch            |       |       |       |     2 |     2 ||     4
Evoke: Wand              |       |       |     4 |     2 |     4 ||    10
  Use: Potion            |       |     2 |     3 |       |     1 ||     6
       Scroll            |       |       |       |     1 |       ||     1
Armor: Scale mail        |     7 |    23 |    12 |       |       ||    42
       Acid dragon scale |       |       |     3 |    11 |       ||    14
       Plate armour      |       |       |       |    22 |     5 ||    27
Dodge: Dodged            |     8 |    10 |    18 |   131 |    42 ||   209
Block: Buckler           |     4 |     4 |     9 |    87 |    31 ||   135
       Reflection        |       |       |       |     2 |     1 ||     3

Levels and vault maps discovered:
D:        linesprint [early_d, line_temple, items_1, d_10, items_2, lair_1,
          lair_end, items_3, orc_1, orc_end, items_4, d_15, swamp_1, shoals_1,
          snake_1, spider_1, d_20, vaults_1, items_5, swamp_end, shoals_end,
          snake_end, spider_end, vaults_end, d_27, items_6, zot_1, zot_end,
          crypt_end, forest_end, elf_end, slime_end, tomb_end, abyss_end,
          pan_hell_end]

Notes
Turn   | Place    | Note
-------+----------+-------------------------------------------
     0 | D        | browni3141 the Formicid Fighter began the quest for the
                  | Orb.
     0 | D        | Reached XP level 1. HP: 18/18 MP: 1/1
    10 | D        | Reached skill level 3 in Long Blades
    20 | D        | Reached skill level 4 in Long Blades
    46 | D        | Noticed a scorpion
    46 | D        | Noticed a black bear
    46 | D        | Noticed a hound
    51 | D        | Killed a scorpion
    52 | D        | Reached skill level 8 in Long Blades
    52 | D        | Reached XP level 2. HP: 4/24 MP: 2/2
    52 | D        | Reached XP level 3. HP: 5/29 MP: 3/3
    52 | D        | Reached XP level 4. HP: 6/35 MP: 4/4
    70 | D        | Killed a black bear
    71 | D        | Reached skill level 10 in Long Blades
    71 | D        | Reached skill level 5 in Fighting
    71 | D        | Reached XP level 5. HP: 7/44 MP: 5/5
    76 | D        | Reached skill level 6 in Fighting
    76 | D        | Reached skill level 7 in Fighting
    76 | D        | Reached XP level 6. HP: 9/55 MP: 6/6
   327 | D        | Found a snail-covered altar of Cheibriados.
   327 | D        | Found a shadowy altar of Dithmenos.
   327 | D        | Found a white marble altar of Elyvilon.
   327 | D        | Found a blossoming altar of Fedhas.
   327 | D        | Found an opulent altar of Gozag.
   328 | D        | Found a hazy altar of Hepliaklqana.
   329 | D        | Found a viscous altar of Jiyva.
   330 | D        | Found an ancient bone altar of Kikubaaqudgha.
   331 | D        | Became a worshipper of Cheibriados the Contemplative
   332 | D        | Found a corrupted altar of Lugonu.
   333 | D        | Found a burning altar of Makhleb.
   334 | D        | Found a sparkling altar of Nemelex Xobeh.
   335 | D        | Found an iron altar of Okawaru.
   336 | D        | Found a stormy altar of Qazlal.
   337 | D        | Found a sacrificial altar of Ru.
   338 | D        | Found a shimmering blue altar of Sif Muna.
   339 | D        | Found a bloodstained altar of Trog.
   340 | D        | Found a hide-covered altar of Uskayaw.
   341 | D        | Found a radiant altar of Vehumet.
   342 | D        | Found an ornate altar of the Wu Jian Council.
   343 | D        | Found a shimmering altar of Xom.
   344 | D        | Found a basalt altar of Yredelemnul.
   345 | D        | Found a glowing silver altar of Zin.
   346 | D        | Found a glowing golden altar of the Shining One.
   399 | D        | Noticed a steam dragon
   399 | D        | Noticed an acid dragon
   399 | D        | Noticed a steam dragon
   399 | D        | Noticed a kobold demonologist
   530 | D        | Killed an acid dragon
   531 | D        | Reached skill level 8 in Fighting
   531 | D        | Reached skill level 11 in Long Blades
   540 | D        | Killed a steam dragon
   541 | D        | Reached skill level 13 in Long Blades
   541 | D        | Reached XP level 7. HP: 53/62 MP: 7/7
   543 | D        | Noticed a rust devil
   549 | D        | Reached * piety under Cheibriados
   559 | D        | Killed a steam dragon
   560 | D        | Reached skill level 14 in Long Blades
   571 | D        | Killed a kobold demonologist
   571 | D        | Reached ** piety under Cheibriados
   572 | D        | Reached skill level 15 in Long Blades
   572 | D        | Reached XP level 8. HP: 34/68 MP: 8/8
   732 | D        | Noticed a skeletal warrior
   732 | D        | Noticed a centaur warrior
   732 | D        | Noticed a shadow
   732 | D        | Noticed an efreet
   742 | D        | Killed a skeletal warrior
   743 | D        | Reached skill level 16 in Long Blades
   743 | D        | Reached skill level 11 in Fighting
   743 | D        | Reached XP level 9. HP: 15/81 MP: 9/9
   743 | D        | HP: 6/81 [centaur warrior/arrow (10)]
   748 | D        | Killed a centaur warrior
   748 | D        | Reached *** piety under Cheibriados
   749 | D        | Reached skill level 12 in Fighting
   749 | D        | Reached skill level 6 in Armour
   749 | D        | Reached skill level 3 in Dodging
   749 | D        | Reached skill level 6 in Shields
   750 | D        | Reached skill level 5 in Dodging
   751 | D        | HP: 7/82 [efreet/fireball (18)]
   757 | D        | Killed an efreet
   757 | D        | Reached **** piety under Cheibriados
   758 | D        | Reached skill level 7 in Armour
   758 | D        | Reached skill level 7 in Shields
  1160 | D        | Gained mutation: You have large cloven feet. [potion of
                  | mutation]
  1175 | D        | Noticed a cane toad
  1175 | D        | Noticed a cane toad
  1175 | D        | Noticed a komodo dragon
  1179 | D        | Killed a cane toad
  1179 | D        | Noticed a cane toad
  1180 | D        | Reached skill level 6 in Dodging
  1180 | D        | Reached XP level 10. HP: 69/89 MP: 10/10
  1182 | D        | Reached ***** piety under Cheibriados
  1183 | D        | Reached skill level 8 in Armour
  1183 | D        | Reached skill level 8 in Shields
  1192 | D        | Killed a cane toad
  1193 | D        | Reached skill level 7 in Dodging
  1193 | D        | Reached skill level 9 in Shields
  1194 | D        | Reached skill level 9 in Armour
  1199 | D        | Killed a komodo dragon
  1203 | D        | Killed a cane toad
  1203 | D        | Reached ****** piety under Cheibriados
  1204 | D        | Reached skill level 8 in Dodging
  1204 | D        | Reached skill level 10 in Shields
  1206 | D        | Reached skill level 10 in Armour
  1269 | D        | Noticed a cane toad
  1269 | D        | Noticed a rime drake
  1269 | D        | Noticed an eight-headed hydra
  1273 | D        | Killed a cane toad
  1274 | D        | Reached skill level 9 in Dodging
  1274 | D        | Noticed a komodo dragon
  1281 | D        | Killed a six-headed hydra
  1282 | D        | Reached skill level 10 in Dodging
  1282 | D        | Reached skill level 5 in Invocations
  1282 | D        | Reached XP level 11. HP: 77/95 MP: 10/15
  1286 | D        | Reached skill level 6 in Invocations
  1290 | D        | Reached skill level 7 in Invocations
  1293 | D        | Reached skill level 8 in Invocations
  1297 | D        | Reached skill level 9 in Invocations
  1324 | D        | Reached skill level 10 in Invocations
  1331 | D        | Reached skill level 2 in Evocations
  1333 | D        | Reached skill level 3 in Evocations
  1337 | D        | Reached skill level 4 in Evocations
  1347 | D        | Reached skill level 5 in Evocations
  1361 | D        | Acquired the +4 great sword of False Accusations {elec,
                  | rF++ Int+2}
  1607 | D        | Reached skill level 6 in Evocations
  1615 | D        | Noticed an orc knight
  1619 | D        | Reached skill level 7 in Evocations
  1625 | D        | Killed an orc knight
  1626 | D        | Reached skill level 8 in Evocations
  1843 | D        | Noticed an orc sorcerer
  1847 | D        | Reached skill level 11 in Invocations
  1851 | D        | Noticed an orc knight
  1852 | D        | Killed an orc sorcerer
  1853 | D        | Reached skill level 12 in Invocations
  1869 | D        | Killed an orc knight
  1870 | D        | Reached skill level 13 in Invocations
  2017 | D        | Found Dawnocant's Antique Armour Emporium.
  2017 | D        | Noticed an orc knight
  2017 | D        | Noticed an orc knight
  2017 | D        | Noticed an orc knight
  2018 | D        | Noticed an orc high priest
  2023 | D        | Killed an orc knight
  2024 | D        | Reached skill level 14 in Invocations
  2029 | D        | Killed an orc knight
  2030 | D        | Reached skill level 13 in Fighting
  2035 | D        | Killed an orc knight
  2043 | D        | Found Xalit's Book Shoppe.
  2048 | D        | Killed an orc high priest
  2049 | D        | Reached skill level 14 in Fighting
  2049 | D        | Reached XP level 12. HP: 67/108 MP: 22/22
  2050 | D        | Found Namy's Antique Armour Emporium.
  2054 | D        | Found Zavoucky's Weapon Shoppe.
  2259 | D        | Reached skill level 15 in Fighting
  2262 | D        | Noticed Josephine
  2269 | D        | Killed Josephine
  2274 | D        | Reached skill level 16 in Fighting
  2435 | D        | Noticed a boulder beetle
  2435 | D        | Noticed a centaur warrior
  2436 | D        | Noticed a rakshasa
  2451 | D        | Noticed an ogre mage
  2457 | D        | Killed a centaur warrior
  2458 | D        | Reached skill level 17 in Long Blades
  2459 | D        | Noticed a stone giant
  2465 | D        | Noticed an ettin
  2465 | D        | Noticed an ettin
  2469 | D        | Noticed a spriggan berserker
  2472 | D        | Killed a rakshasa
  2473 | D        | Reached skill level 18 in Long Blades
  2475 | D        | Killed an ogre mage
  2476 | D        | Noticed a deep troll earth mage
  2485 | D        | Noticed a spriggan berserker
  2488 | D        | Killed a stone giant
  2489 | D        | Reached skill level 19 in Long Blades
  2489 | D        | Noticed a glowing orange brain
  2490 | D        | Killed a spriggan berserker
  2490 | D        | Killed a spriggan berserker
  2493 | D        | Killed an ettin
  2494 | D        | Reached skill level 20 in Long Blades
  2494 | D        | Killed a deep troll earth mage
  2495 | D        | Reached XP level 13. HP: 15/119 MP: 12/23
  2500 | D        | Reached skill level 17 in Fighting
  2845 | D        | Killed a boulder beetle
  2957 | D        | Noticed a boulder beetle
  2957 | D        | Noticed an entropy weaver
  2964 | D        | Noticed a jorogumo
  2968 | D        | Reached skill level 18 in Fighting
  2968 | D        | Killed an entropy weaver
  2969 | D        | Killed a jorogumo
  2970 | D        | Reached skill level 19 in Fighting
  3138 | D        | Killed a boulder beetle
  3139 | D        | Reached skill level 20 in Fighting
  3253 | D        | Noticed a naga warrior
  3259 | D        | Killed a naga warrior
  3299 | D        | Shot with a bolt by a naga sharpshooter

Vanquished Creatures
  A stone giant (D)
  An entropy weaver (D)
  An ettin (D)
  Josephine (D)
  A rakshasa (D)
  2 boulder beetles (D)
  A hydra (D)
  A jorogumo (D)
  A naga warrior (D)
  2 centaur warriors (D)
  An ogre mage (D)
  An orc high priest (D)
  A shock serpent (D)
  A deep troll earth mage (D)
  2 spriggan berserkers (D)
  A skeletal warrior (D)
  2 steelbarb worms (D)
  A glowing orange brain (D)
  6 orc knights (D)
  A cyclops (D)
  A wolf spider (D)
  2 orc sorcerers (D)
  An ugly thing (D)
  2 naga magi (D)
  4 cane toads (D)
  A kobold demonologist (D)
  2 komodo dragons (D)
  A rime drake (D)
  An efreet (D)
  A meliai (D)
  A tarantella (D)
  A blink frog (D)
  2 slime creatures (D)
  A culicivora (D)
  A shadow (D)
  2 yaks (D)
  A wyvern (D)
  2 steam dragons (D)
  4 wraiths (D)
  A vampire mosquito (D)
  An acid dragon (D)
  A naga (D)
  5 wargs (D)
  2 hell hounds (D)
  2 water moccasins (D)
  10 orc warriors (D)
  A black bear (D)
  2 wolves (D)
  A kobold brigand (D)
  3 bullfrogs (D)
  A scorpion (D)
  A howler monkey (D)
  A hound (D)
  3 orc priests (D)
  3 orc wizards (D)
  An adder zombie (D)
  A dart slug (D)
  15 orcs (D)
  An endoplasm (D)
  2 goblins (D)
  2 kobolds (D)
120 creatures vanquished.

Table legend: (Time is in decaauts)
 A = Elapsed time spent in this place.
 B = Non-inter-level travel time spent in this place.
 C = Inter-level travel time spent in this place.
 D = Time resting spent in this place.
 E = Time spent auto-exploring this place.
 F = Levels seen in this place.
 G = Mean time per level.
                   A        B        C        D        E       F      G
               +--------+--------+--------+--------+--------+-----+--------+
         Total |   3883 |   3883 |      0 |   1713 |    760 |   1 | 3883.0 |
       Dungeon |   3883 |   3883 |      0 |   1713 |    760 |   1 | 3883.0 |
               +--------+--------+--------+--------+--------+-----+--------+

Top non-repeatable levels by time:
       D: 3883 daAuts

Table legend:
 A = Non-vault XP
 B = Vault XP
 C = Vault XP percentage of total XP
 D = Non-vault monster count
 E = Vault monster count
 F = Vault count percentage of total count
                 A         B        C        D         E       F
            +---------+---------+-------+---------+---------+-------
      Total |       0 |   37442 | 100.0 |       0 |     120 | 100.0
            +---------+---------+-------+---------+---------+-------
          D |       0 |   37442 | 100.0 |       0 |     120 | 100.0
            +---------+---------+-------+---------+---------+-------
